Map: Chain of Ascension

Players

majid

  • Race: Zerg Zerg
  • Spawn Location: 11:00

NamroodTuo

  • Race: Zerg Zerg

VOD

Have the link to the VOD?

Description

Time

  • Played on: Jan. 7, 2023, 9:02 a.m.
  • Length: 26:43
Show
View Real Time Build Order
Export as new Build Order

majid Zerg 

Build Orders:  

Get SALT Encoding   

  12  0:12  Overlord  
  12  0:29  Overlord  
  12  0:35  Overlord  
  12  0:42  Drone  
  13  1:01  Drone  
  13  1:02  Drone x2  
  16  1:17  Drone  
  17  1:33  Drone  
  18  1:52  Drone  
  19  2:00  Spawning Pool  
  19  2:03  Extractor  
  19  2:07  Extractor  
  16  2:14  Drone, Evolution Chamber  
  16  2:24  Evolution Chamber  
  15  2:33  Drone x2  
  17  2:44  Queen  
  19  2:50  Drone  
  20  3:08  Drone  
  21  3:18  Drone  
  22  3:34  Queen  
  22  3:35  Drone  
  25  3:58  Drone  
  26  4:40  Drone  
  26  4:41  Drone x5  
  32  4:50  Evolution Chamber, Lair  
  31  5:06  Metabolic Boost  
  31  5:08  Heroic Fortitude  
  31  5:14  Zergling x4  
  33  5:53  Zergling x2  
  33  5:54  Zergling x8  
  38  6:00  Hive  
  38  6:06  Zerg Ground Armor Level 1  
  38  6:07  Zerg Missile Weapons Level 1  
  31  7:25  Zergling x2  
  31  7:26  Zergling x12  
  38  8:00  Zerg Melee Weapons Level 1  
  38  8:13  Hydralisk Den  
  37  8:20  Ultralisk Cavern  
  35  8:59  Overseer x4  
  35  9:27  Zerg Missile Weapons Level 2  
  35  9:30  Hydralisk  
  35  9:33  Overlord x5  
  35  9:34  Overlord  
  31  10:24  Zergling x2  
  31  10:25  Zergling x6  
  35  10:38  Zergling x2  
  36  10:51  Zerg Ground Armor Level 2  
  36  10:55  Hydralisk  
  38  11:32  Drone  
  38  11:33  Drone  
  38  11:37  Queen  
  42  11:40  Zerg Melee Weapons Level 2  
  42  11:41  Chitinous Plating  
  42  12:34  Hydralisk x5  
  52  13:02  Zergling x2  
  52  13:03  Zergling x10  
  58  13:19  Ultralisk  
  61  14:16  Zergling x2  
  61  14:17  Zergling x16  
  70  14:52  Hatchery  
  70  14:57  Drone  
  70  15:01  Drone  
  70  15:02  Drone x4  
  75  15:16  Overseer  
  69  16:00  Drone  
  69  16:02  Queen  
  69  16:05  Zergling x2  
  69  16:06  Zergling x18  
  82  16:22  Zerg Ground Armor Level 3, Zerg Missile Weapons Level 3  
  82  16:23  Zerg Melee Weapons Level 3  
  71  16:52  Queen  
  66  17:15  Drone x5  
  71  17:21  Extractor  
  71  17:25  Drone  
  71  17:26  Extractor  
  68  17:31  Muscular Augments  
  68  17:34  Zergling x20  
  69  17:57  Ultralisk  
  75  18:05  Overlord  
  75  18:06  Overlord  
  75  19:03  Hydralisk x6  
  75  19:09  Drone  
  88  19:10  Drone x6  
  64  20:36  Hydralisk x4  
  64  20:37  Hydralisk x7  
  64  20:38  Hydralisk x3  
  90  21:17  Drone x3  
  90  21:18  Drone x7  
  100  21:28  Overlord  
  100  21:29  Overlord x6  
  100  22:37  Ultralisk  
  100  22:38  Ultralisk x3  
  104  23:10  Ultralisk  
  104  23:11  Hydralisk x3  
  116  23:26  Zergling x10  
  116  23:27  Zergling x2  
  122  23:44  Zergling x2  
  122  23:45  Zergling x10  
  128  23:52  Zergling x2  
  125  24:10  Adrenal Overload  
  105  25:18  Zergling x2  
  105  25:19  Zergling x20  
  116  25:23  Zergling x4  
  116  25:24  Zergling x24  
  130  25:54  Zergling x2  
  130  25:55  Zergling x8  
Show
View Real Time Build Order
Export as new Build Order

NamroodTuo Zerg 

Build Orders:  

Get SALT Encoding   

  12  0:05  Infested SCV  
  13  0:18  Overlord  
  13  0:31  Infested SCV  
  13  0:33  Infested SCV  
  15  0:52  Infested Barracks  
  15  0:53  Infested SCV  
  15  0:59  Infested SCV  
  17  1:11  Infested SCV  
  18  1:28  Infested SCV  
  19  1:37  Infested SCV  
  20  1:54  Infestation Level 1  
  20  2:13  Infested Refinery  
  20  2:15  Infested Engineering Bay, Infested SCV  
  20  2:16  Infested Refinery  
  20  2:17  Infested SCV  
  22  2:25  Overlord  
  22  2:42  Infested SCV  
  23  2:58  Infested SCV  
  24  3:02  Infested Barracks Tech Lab  
  28  3:21  Infested Bunker  
  28  3:22  Infested SCV  
  29  3:30  Retinal Augmentation  
  29  3:33  Infested Marine  
  30  3:54  Regenerative Plating  
  30  3:56  Infested SCV  
  31  4:01  Overlord  
  31  4:03  Overlord  
  31  4:31  Plagued Munitions  
  31  4:40  Infested SCV  
  31  4:42  Infested SCV  
  33  4:52  Overlord  
  33  4:58  Stukov Infantry Armor Level 1  
  33  5:09  Infested Barracks  
  32  5:36  Infested Bunker  
  36  5:40  Overlord  
  36  5:44  Infested SCV  
  37  6:22  Infestation Level 2  
  37  6:45  Infested Marine  
  37  6:46  Infested Marine x12  
  54  7:21  Infested Bunker  
  54  8:21  Anaerobic Enhancement  
  45  8:33  Infested Bunker  
  45  8:53  Infested SCV x3  
  45  8:54  Infested Barracks, Infested SCV x2  
  50  9:13  Infested Marine x10  
  50  9:14  Infested Marine x3  
  63  9:20  Overlord, Infested Missile Turret  
  63  9:21  Broodling Gestation  
  61  9:50  Infested Missile Turret  
  59  10:29  Infested Marine  
  60  10:30  Infested Marine x11  
  61  10:55  Overlord x5  
  61  11:03  Stukov Infantry Weapons Level 1  
  61  11:11  Infested Factory  
  61  11:26  Infested Barracks  
  65  11:35  Infested Bunker  
  57  12:12  Infested Bunker  
  57  12:23  Infested Bunker  
  61  12:38  Infested Armory  
  61  12:58  Infested Marine x4  
  61  12:59  Infested Marine x7  
  64  13:56  Infested Bunker  
  65  14:43  Infested Marine x3  
  65  14:44  Infested Marine x23  
  91  14:56  Infested Bunker  
  95  15:22  Calcified Armor  
  95  15:33  Infested Bunker  
  95  16:18  Infested Bunker  
  74  16:29  Infested Marine x5  
  82  16:31  Infested Bunker  
  82  16:41  Infested Marine  
  82  16:42  Infested Marine x4  
  82  16:43  Infested Marine x5  
  82  16:44  Infested Marine x4  
  82  16:49  Infested Marine x2  
  98  16:50  Infested Marine x2  
  100  17:45  Infested Marine  
  100  17:46  Infested Marine x10  
  88  18:43  Stukov Infantry Armor Level 2  
  92  19:17  Infested Marine  
  92  19:18  Infested Marine x18  
  111  19:24  Overlord  
  111  19:25  Overlord x4  
  100  19:33  Infested Bunker  
  92  20:28  Infested Marine  
  92  20:29  Infested Marine x16  
  109  20:30  Infested Marine x10  
  109  20:35  Overlord  
  109  20:36  Overlord x3  
  115  20:53  Infested Marine x11  
  115  20:54  Infested Marine x10  
  128  21:40  Infestation Level 3  
  128  21:52  Stukov Infantry Weapons Level 2  
  128  21:54  Infested Marine  
  128  21:55  Infested Marine x15  
  128  21:56  Infested Marine x11  
  155  22:08  Infested Marine x6  
  155  22:09  Infested Marine x3  
  127  22:29  Infested Marine  
  118  22:30  Infested Marine x16  
  98  23:56  Infested Marine  
  98  23:57  Infested Marine x25  
  98  23:58  Infested Marine x6  
  113  25:16  Infested Bunker  
  121  25:20  Infested Bunker  
  121  25:29  Infested Marine  
  122  25:30  Infested Marine x13  
  122  25:31  Infested Marine x8  
  122  25:33  Overlord x3  
  122  25:34  Overlord x2  
  111  25:57  Infested Marine x9  
  111  25:58  Infested Marine x10  
Tags
 
Add a new tag
Caveats
  • Supply blocks, unpowered buildings, or Contaminate may cause inaccurate times.
  • Supply counts are checked every 10 seconds.